 Dungeon Crawl Stone Soup version 0.25-a0-661-g55ea3d2053 (webtiles) character file.

Game seed: 17803481115300051660, levelgen mode: deterministic

228143 tilp the Warrior (level 20, -2/160 HPs)
             Began as a Formicid Fighter on Mar 23, 2020.
             Was the Champion of Ru.
             Slain by an emperor scorpion (19 damage)
             ... on level 4 of the Spider Nest.
             The game lasted 01:48:11 (41414 turns).

tilp the Warrior (Formicid Fighter)                Turns: 41414, Time: 01:48:12

Health: -2/160     AC: 42    Str: 28    XL:     20   Next: 18%
Magic:  9/18       EV:  9    Int: 10    God:    Ru [******]
Gold:   1088       SH: 19    Dex: 10    Spells: 19/19 levels left

rFire    + . .     SeeInvis +   a - +0 dire flail (freeze)
rCold    . . .     Gourm    .   d - +0 tower shield
rNeg     . . .     Faith    .   M - +9 crystal plate armour
rPois    +         Spirit   .   (helmet unavailable)
rElec    .         Reflect  .   k - +2 cloak {rPois}
rCorr    .         Harm     .   r - +2 pair of gloves
MR       ++...                  w - +2 pair of boots
Stlth    ..........             q - amulet of the acrobat
HPRegen  0.36/turn              f - +5 ring of slaying
MPRegen  0.16/turn              Q - ring of protection from fire

@: no status effects
A: permanent stasis, dig shafts and tunnels, four strong arms, antennae 3, frail
1, low mp 1, no stealth, inability to use devices, hated by all, no earth magic,
no hexes magic, no translocations magic, disrupted magic 3
}: 1/15 runes: decaying
a: Dig, Shaft Self, Draw Out Power, Power Leap, Apocalypse, Renounce Religion


You were on level 4 of the Spider Nest.
You worshipped Ru.
Ru was exalted by your worship.
You were not hungry.

You visited 5 branches of the dungeon, and saw 31 of its levels.
You also visited: Sewer, Bailey and Ice Cave.

You collected 3536 gold pieces.
You spent 2448 gold pieces at shops.

Inventory:

Hand Weapons
 a - a +0 dire flail of freezing (weapon)
 b - a +0 great mace of protection
Missiles
 C - 24 javelins (quivered)
 F - 4 throwing nets
Armour
 d - a +0 tower shield (worn)
 k - a +2 cloak of poison resistance (worn)
 r - a +2 pair of gloves (worn)
 w - a +2 pair of boots (worn)
 M - a +9 crystal plate armour (worn)
Jewellery
 f - a +5 ring of slaying (left hand)
 p - an uncursed ring of protection from cold
 q - an amulet of the acrobat (around neck)
 u - an uncursed ring of wizardry
 L - an uncursed amulet of regeneration
 Q - a ring of protection from fire (right hand)
Scrolls
 e - 24 scrolls of remove curse
 h - 5 scrolls of enchant weapon
 o - 9 scrolls of magic mapping
 s - 3 scrolls of holy word
 D - 6 scrolls of identify
 E - 4 scrolls of fog
Potions
 m - 6 potions of curing
 t - 2 potions of stabbing
 v - a potion of invisibility {unknown}
 x - 3 potions of resistance
 A - 3 potions of mutation
 G - 4 potions of flight
 O - a potion of ambrosia
Comestibles
 c - 38 rations


   Skills:
 + Level 20.5 Fighting
 - Level 14.0 Maces & Flails
 - Level 16.5 Throwing
 + Level 13.0 Armour
 + Level 12.8 Dodging
 + Level 10.6 Shields


You had 19 spell levels left.
You didn't know any spells.
Your spell library contained the following spells:

 Spells                   Type           Power        Failure   Level  Hunger
 Foxfire                  Conj/Fire      #...         100%        1    ##.....
 Infusion                 Chrm           #...         100%        1    ##.....
 Magic Dart               Conj           #...         100%        1    ##.....
 Pain                     Necr           #...         100%        1    ##.....
 Searing Ray              Conj           #.....       100%        2    ###....
 Song of Slaying          Chrm           #.......     100%        2    ###....
 Conjure Flame            Conj/Fire      #.......     100%        3    ####...
 Ozocubu's Armour         Chrm/Ice       #.......     100%        3    ####...
 Vampiric Draining        Necr           #.........   100%        3    ####...
 Sticky Flame             Conj/Fire      #.......     100%        4    #####..
 Agony                    Necr           #.......     100%        5    ######.
 Fireball                 Conj/Fire      #.........   100%        5    ######.
 Deflect Missiles         Chrm/Air       #.........   100%        6    #######
 Animate Skeleton         Necr           Unusable     N/A         1    N/A
 Apportation              Tloc           Unusable     N/A         1    N/A
 Corona                   Hex            Unusable     N/A         1    N/A
 Summon Small Mammal      Summ           Unusable     N/A         1    N/A
 Shroud of Golubria       Chrm/Tloc      Unusable     N/A         2    N/A
 Slow                     Hex            Unusable     N/A         2    N/A
 Confusing Touch          Hex            Unusable     N/A         3    N/A
 Dazzling Flash           Conj/Hex       Unusable     N/A         3    N/A
 Gell's Gravitas          Tloc           Unusable     N/A         3    N/A
 Inner Flame              Hex/Fire       Unusable     N/A         3    N/A
 Portal Projectile        Hex/Tloc       Unusable     N/A         3    N/A
 Spectral Weapon          Hex/Chrm       Unusable     N/A         3    N/A
 Animate Dead             Necr           Unusable     N/A         4    N/A
 Cause Fear               Hex            Unusable     N/A         4    N/A
 Fulminant Prism          Conj/Hex       Unusable     N/A         4    N/A
 Iskenderun's Mystic Bla  Conj/Tloc      Unusable     N/A         4    N/A
 Leda's Liquefaction      Hex/Erth       Unusable     N/A         4    N/A
 Petrify                  Tmut/Erth      Unusable     N/A         4    N/A
 Bolt of Magma            Conj/Fire/Erth Unusable     N/A         5    N/A
 Metabolic Englaciation   Hex/Ice        Unusable     N/A         5    N/A
 Silence                  Hex/Air        Unusable     N/A         5    N/A
 Yara's Violent Unravell  Hex/Tmut       Unusable     N/A         5    N/A
 Iron Shot                Conj/Erth      Unusable     N/A         6    N/A
 Statue Form              Tmut/Erth      Unusable     N/A         6    N/A
 Discord                  Hex            Unusable     N/A         8    N/A
 Shatter                  Erth           Unusable     N/A         9    N/A

Dungeon Overview and Level Annotations

Branches:
Dungeon (15/15)            Temple (0/1) D:5            Lair (6/6) D:9
  Swamp (4/4) Lair:2       Spider (4/4) Lair:4        Slime (0/5) Lair:5
    Orc (2/2) D:11            Elf (0/3) Orc:2        Vaults (0/5) D:13
 Depths (0/5) D:15          Sewer (visited)          Bailey (visited)
  IceCv (visited)

Altars:
Elyvilon
Ru
Trog
Zin
The Shining One

Shops:
D:5 %(   D:6 *   D:9 [   Orc:2 [*(=

Annotations:
D:13 1 runed translucent door, bmj180's ghost, journeyman DrCj
Lair:1 exclusion: 2 oklob plants, Sonja
Lair:2 2 transporters, sixsigma's ghost, journeyman MiFi
Lair:3 2 transporters, Duod's ghost, journeyman MiBe
Swamp:1 5 transporters
Swamp:3 Roxanne


Innate Abilities, Weirdness & Mutations

You cannot be hasted, slowed, berserked, paralysed or teleported.
You can dig through walls and to a lower floor.
Your four strong arms can wield two-handed weapons with a shield.
You have a pair of large antennae on your head. (SInv)
You cannot be stealthy.
You cannot study or use magical devices.
You are hated by all.
You cannot study or cast Earth magic.
You cannot study or cast Hexes magic.
You cannot study or cast Translocations magic.
Your casting is seriously disrupted.
You are frail. (-10% HP)
Your magical capacity is low. (-10% MP)


Message History

* * * LOW HITPOINT WARNING * * *
You feel very sick.
* * * LOW HITPOINT WARNING * * *
You feel very sick.
You redirect the emperor scorpion's attack!
The emperor scorpion stings itself!!
The emperor scorpion barely misses itself.
The emperor scorpion claws itself but does no damage.
You feel better. The ghost moth stares at you.
You feel your power leaking away.
The emperor scorpion stings you but does no damage.
You block the emperor scorpion's attack.
The emperor scorpion closely misses you.
You block the emperor scorpion's attack.
The emperor scorpion barely misses you. x2
The ghost moth stares at you.
You feel your power leaking away. The emperor scorpion stings you!!
You die...

##### #..≈### ####
#####y.s..#######≈≈###
###≈≈≈≈.^..y...^#≈≈≈...#
##^≈....##..##ys..≈≈≈..##
#≈..≈#≈≈##..###s@..##^##
≈...#####...# ##≈...###
....#***#.^##**#≈...#
...##*,,#''#,,*##≈^.##
≈### *,..##..,* ##..^##
##****^..,,...#####≈.^# #
*,{+...,,...##..#≈..#
###**####**#####.≈≈≈..###
..#
############.≈≈≈†...##


You could see 3 emperor scorpions, a ghost moth (invisible) and a hornet.

Vanquished Creatures
  Bai Suzhen (Swamp:4)
  the Lernaean hydra (Swamp:4)
  Jorgrun (Spider:2)
  A sphinx (D:14)
  2 thorn hunters
  Kirke (Swamp:4)
  4 tengu reavers (D:14)
  A fire giant (D:15)
  3 frost giants
  Louise (Spider:2)
  3 ghost moths
  4 emperor scorpions
  An orc warlord (Orc:2)
  6 entropy weavers
  A spark wasp (Spider:3)
  An ettin (D:14)
  Erolcha (D:12)
  Josephine (D:14)
  18 hydras
  3 shambling mangroves
  A merfolk avatar (Lair:6)
  2 catoblepae
  Erica (D:10)
  7 two-headed ogres
  2 dancing weapons (D:13)
  9 alligators
  6 centaur warriors
  3 death yaks (Lair:4)
  Urug (D:13)
  A deep troll earth mage (D:14)
  A queen ant (Spider:2)
  4 orc high priests (Orc:2)
  A deep elf knight (D:13)
  A fire crab (D:15)
  2 spectral hydras (Swamp:3)
  2 unseen horrors
  A sea snake (Lair:6)
  5 spriggan druids
  A death drake (Swamp:3)
  A deep elf archer (D:15)
  9 swamp dragons
  A wizard (D:14)
  2 phantasmal warriors
  A necromancer (Swamp:3)
  A shining eye (shapeshifter) (D:15)
  34 wolf spiders
  A wolf spider zombie (D:15)
  22 orb spiders
  5 orc sorcerers
  3 manticores
  2 deep elf magi
  5 orc knights
  A salamander (shapeshifter) (D:15)
  2 cyclopes
  3 ugly things
  3 moths of wrath
  10 elephants
  5 black mambas
  Joseph (D:10)
  2 ice statues (IceCv)
  A centaur skeleton (D:15)
  2 torpor snails
  18 spiny frogs
  11 komodo dragons
  16 demonic crawlers
  2 kobold demonologists
  6 swamp worm zombies (Swamp:3)
  3 rime drakes
  A tengu conjurer (D:14)
  24 jumping spiders
  A meliai (shapeshifter) (D:15)
  7 trolls
  14 hornets
  17 polar bears
  8 meliai
  2 wind drakes (Lair:6)
  7 tyrant leeches
  6 hippogriffs
  3 spectral swamp dragons (Swamp:3)
  A raiju (shapeshifter) (D:13)
  26 slime creatures
  10 blink frogs
  13 bog bodies
  A blink frog (shapeshifter) (D:13)
  9 dream sheep
  Sigmund (D:5)
  2 alligator zombies (Swamp:3)
  23 tarantellas
  6 wraiths
  65 redbacks
  59 yaks
  7 wyverns
  6 spriggans
  A steam dragon (D:12)
  3 basilisks
  4 humans (Swamp:4)
  3 tyrant leech zombies (Swamp:3)
  A hungry ghost (D:12)
  A harpy simulacrum (D:15)
  14 swamp worms
  27 vampire mosquitoes
  22 soldier ants
  12 insubstantial wisps
  16 water moccasins
  3 wargs
  An acid dragon (D:15)
  2 spiny frog zombies (Swamp:3)
  Duvessa (D:6)
  2 porcupines (Lair:3)
  34 orc warriors
  12 swamp drakes
  4 ice beasts
  10 sky beasts
  2 black bears
  A black bear (shapeshifter) (D:14)
  2 necrophages
  An eye of draining (D:14)
  3 phantoms
  16 wolves
  10 ogres
  A centaur (shapeshifter) (D:14)
  26 centaurs
  11 crocodiles
  7 big kobolds
  11 bullfrogs
  Blork the orc (D:4)
  Dowan (D:6)
  7 scorpions
  2 spriggan zombies (Swamp:3)
  23 killer bees
  6 wights
  4 electric eels
  6 crimson imps
  4 jellies
  4 centaur zombies
  A quasit (D:11)
  A hound (D:7)
  Crazy Yiuf (D:2)
  18 orc priests
  22 orc wizards
  4 bullfrog skeletons
  Jessica (D:2)
  Natasha (D:3)
  Ijyb (D:4)
  6 iguanas
  27 worker ants
  2 hound zombies
  A hound skeleton (D:7)
  A howler monkey zombie (D:7)
  A worker ant zombie (D:5)
  3 gnolls (D:5)
  25 adders
  2 river rats (D:4)
  4 shadow imps
  3 oozes
  An adder zombie (D:5)
  3 worms
  3 dart slugs
  7 leopard geckos
  78 orcs
  13 giant cockroaches
  5 goblins
  10 hobgoblins
  15 jackals
  3 quokkas
  4 ball pythons
  3 bats
  3 frilled lizards
  A jackal zombie (D:5)
  33 kobolds
  A leopard gecko skeleton (D:7)
  A rat (shapeshifter) (D:14)
  9 rats
  4 fungi
  5 plants (Sewer)
1247 creatures vanquished.

Vanquished Creatures (others)
  A ghost moth (Spider:4)
  A hydra (Swamp:4)
  A spectral hydra (Swamp:3)
  An orc sorcerer (Orc:1)
  A moth of wrath (Spider:3)
  A spiny frog (Swamp:2)
  A komodo dragon (Lair:1)
  A swamp worm zombie (Swamp:3)
  A troll (D:13)
  2 hippogriffs
  2 bog bodies (Swamp:3)
  A redback (Spider:4)
  A water moccasin (Lair:6)
  A crocodile (Lair:3)
  3 bullfrogs
  A wight (D:12)
  A crimson imp (D:13)
  An orc (Orc:2)
  7 fungi
  12 plants
  5 withered plants (Swamp:3)
46 creatures vanquished.

Grand Total: 1293 creatures vanquished

Notes
Turn   | Place    | Note
-------+----------+-------------------------------------------
     0 | D:1      | tilp the Formicid Fighter began the quest for the Orb.
     0 | D:1      | Reached XP level 1. HP: 18/18 MP: 1/1
    56 | D:1      | Reached XP level 2. HP: 20/24 MP: 2/2
   355 | D:1      | Reached XP level 3. HP: 29/30 MP: 3/3
   417 | D:1      | Reached skill level 4 in Fighting
   929 | D:2      | Reached XP level 4. HP: 30/37 MP: 4/4
  1336 | D:2      | Noticed Jessica
  1350 | D:2      | Killed Jessica
  1350 | D:2      | Reached XP level 5. HP: 42/43 MP: 5/5
  1789 | D:2      | Reached skill level 5 in Fighting
  1997 | D:2      | Found a runed translucent door.
  1998 | D:2      | Noticed Crazy Yiuf
  2073 | D:3      | Found a sacrificial altar of Ru.
  2089 | D:3      | Became a worshipper of Ru the Awakened
  2175 | D:3      | Reached XP level 6. HP: 15/51 MP: 6/6
  2675 | D:3      | Noticed Natasha
  2701 | D:3      | Killed Natasha
  3162 | D:4      | Reached skill level 6 in Fighting
  3162 | D:4      | Reached skill level 5 in Maces & Flails
  3167 | D:4      | Reached XP level 7. HP: 38/58 MP: 7/7
  3201 | D:4      | Found a glowing drain.
  3361 | Sewer    | Entered a sewer
  3939 | Sewer    | Gained mutation: Your casting is slightly disrupted. [Ru
                  | sacrifice]
  4218 | D:4      | Noticed Ijyb
  4238 | D:4      | Killed Ijyb
  4554 | D:4      | Noticed Blork the orc
  4573 | D:4      | Killed Blork the orc
  4771 | D:5      | Entered Level 5 of the Dungeon
  4886 | D:5      | Found Viefrave's Antique Weapon Shop.
  4906 | D:5      | Found Hyshim's Magic Scroll Emporium.
  4955 | D:5      | Reached XP level 8. HP: 64/64 MP: 8/8
  5041 | D:5      | Found Ewothev's Food Boutique.
  5320 | D:5      | Noticed Sigmund
  5330 | D:5      | Killed Sigmund
  5359 | D:5      | Reached XP level 9. HP: 58/69 MP: 9/9
  5435 | D:5      | Found a glowing silver altar of Zin.
  5680 | D:5      | Found a staircase to the Ecumenical Temple.
  5765 | D:6      | Reached skill level 10 in Maces & Flails
  5782 | D:6      | Gained mutation: You are hated by all. [Ru sacrifice]
  5782 | D:6      | Reached * piety under Ru
  5782 | D:6      | Reached ** piety under Ru
  6043 | D:5      | Bought a bloodstained flail for 289 gold pieces
  6043 | D:5      | Identified the +5 flail "Losij" {drain, rF+ Str-3 Dex+8}
                  | (You bought it in a shop on level 5 of the Dungeon)
  6285 | D:6      | Noticed Duvessa
  6285 | D:6      | Noticed Dowan
  6301 | D:6      | Killed Duvessa
  6306 | D:6      | Killed Dowan
  6327 | D:6      | Found Ggrashudgh's Goods Gallery.
  6746 | D:5      | Bought a scroll of noise for 12 gold pieces
  6746 | D:5      | Bought a scroll of magic mapping for 42 gold pieces
  7663 | D:7      | Reached XP level 10. HP: 74/76 MP: 10/10
  8079 | D:8      | Gained mutation: You cannot be stealthy. [Ru sacrifice]
  8872 | D:9      | Found a staircase to the Lair.
  9196 | D:9      | Found Counexeu's Armour Boutique.
  9458 | D:9      | Reached skill level 1 in Dodging
  9630 | D:10     | Entered Level 10 of the Dungeon
  9749 | D:10     | Reached XP level 11. HP: 83/83 MP: 11/11
  9922 | D:10     | Noticed Joseph
  9930 | D:10     | Killed Joseph
  9930 | D:10     | Reached skill level 7 in Fighting
  9946 | D:10     | Noticed Erica
  9950 | D:10     | Killed Erica
 10284 | D:10     | Reached skill level 8 in Fighting
 10301 | D:10     | Found a glowing golden altar of the Shining One.
 10318 | D:10     | Noticed a two-headed ogre
 10325 | D:10     | Killed a two-headed ogre
 10860 | D:11     | Reached skill level 5 in Shields
 10886 | D:11     | Reached skill level 5 in Armour
 10917 | D:11     | Gained mutation: You cannot study or cast Earth magic. [Ru
                  | sacrifice]
 10917 | D:11     | Gained mutation: You cannot study or cast Hexes magic. [Ru
                  | sacrifice]
 10917 | D:11     | Gained mutation: You cannot study or cast Translocations
                  | magic. [Ru sacrifice]
 10917 | D:11     | Reached *** piety under Ru
 10938 | D:11     | Found a flagged portal.
 10999 | Bailey   | Entered a bailey
 11596 | Bailey   | Noticed an orc knight
 11622 | Bailey   | HP: 3/86 [orc warrior/+0 spear (18)]
 11631 | Bailey   | Killed an orc knight
 12052 | D:11     | Noticed a two-headed ogre
 12067 | D:11     | Killed a two-headed ogre
 12067 | D:11     | Reached XP level 12. HP: 63/92 MP: 12/12
 12692 | D:11     | Found a staircase to the Orcish Mines.
 13084 | Lair:1   | Entered Level 1 of the Lair of Beasts
 13467 | Lair:1   | Gained mutation: You cannot study or use magical devices.
                  | [Ru sacrifice]
 13467 | Lair:1   | Reached **** piety under Ru
 13467 | Lair:1   | Reached ***** piety under Ru
 13581 | Lair:1   | Reached skill level 11 in Fighting
 13581 | Lair:1   | Reached XP level 13. HP: 107/107 MP: 13/13
 13612 | Lair:1   | Noticed Sonja
 13693 | Lair:1   | Reached skill level 1 in Throwing
 14095 | Lair:2   | Reached skill level 5 in Throwing
 14376 | Lair:2   | Found a staircase to the Swamp.
 14402 | Lair:2   | Found a transporter.
 14402 | Lair:2   | Noticed sixsigma's ghost (journeyman MiFi)
 14402 | Lair:2   | Noticed an eight-headed hydra
 14403 | Lair:2   | Noticed a catoblepas
 14417 | Lair:2   | Found a transporter.
 14667 | Lair:3   | Noticed a four-headed hydra
 14678 | Lair:3   | Killed a four-headed hydra
 14684 | Lair:3   | Noticed a catoblepas
 14705 | Lair:3   | Killed a catoblepas
 15080 | Lair:3   | Identified the +6 spear of Righteous Anger {vorpal, rElec
                  | rPois Dex-3 Stlth+}
 15082 | Lair:3   | Noticed Duod's ghost (journeyman MiBe)
 15425 | Lair:3   | Identified the +6 trident "Leeggu" {antimagic, +Fly Str+6
                  | Int-2}
 15433 | Lair:3   | Found a transporter.
 15437 | Lair:3   | Found a transporter.
 15438 | Lair:3   | Found a bloodstained altar of Trog.
 15622 | Lair:4   | Reached XP level 14. HP: 91/114 MP: 14/14
 15838 | Lair:4   | Found a hole to the Spider Nest.
 16460 | Lair:5   | Identified the cursed -2 pair of gloves "Woiqosmo" {rC+}
                  | (You found it on level 5 of the Lair of Beasts)
 16505 | Lair:5   | Reached skill level 10 in Throwing
 16776 | Lair:5   | Found a staircase to the Slime Pits.
 16948 | Lair:5   | Identified a scroll of acquirement
 16977 | Lair:6   | Entered Level 6 of the Lair of Beasts
 17531 | Lair:6   | Reached skill level 12 in Fighting
 17727 | Lair:6   | Reached skill level 5 in Dodging
 18273 | Lair:6   | Reached XP level 15. HP: 122/122 MP: 15/15
 18287 | Lair:6   | Reached skill level 13 in Fighting
 18597 | D:5      | Bought a scroll of remove curse for 36 gold pieces
 18597 | D:5      | Bought 3 scrolls of magic mapping for 126 gold pieces
 18597 | D:5      | Bought a scroll of enchant armour for 90 gold pieces
 18597 | D:5      | Bought a scroll of remove curse for 36 gold pieces
 18597 | D:5      | Bought a scroll of holy word for 90 gold pieces
 18597 | D:5      | Bought a scroll of identify for 24 gold pieces
 18597 | D:5      | Bought a scroll of magic mapping for 42 gold pieces
 18597 | D:5      | Bought a scroll of fear for 42 gold pieces
 18672 | D:2      | Killed Crazy Yiuf
 18946 | Orc:1    | Entered Level 1 of the Orcish Mines
 19304 | Orc:2    | Entered Level 2 of the Orcish Mines
 19642 | Orc:2    | Found a staircase to the Elven Halls.
 20821 | Orc:2    | Noticed an orc warlord
 20867 | Orc:2    | Killed an orc warlord
 21181 | Orc:2    | Found Nalashruuz's Antique Armour Emporium.
 21182 | Orc:2    | Found Sesasop's Antique Weapon Emporium.
 21184 | Orc:2    | Found Vuroc's General Store.
 21184 | Orc:2    | Found Himeutu's Jewellery Shoppe.
 21583 | Orc:2    | Bought a scroll of identify for 28 gold pieces
 21753 | D:12     | Reached skill level 14 in Fighting
 21888 | D:12     | You fall into a shaft and drop 3 floors!
 21888 | D:15     | Entered Level 15 of the Dungeon
 22052 | D:14     | Found a frozen archway.
 22058 | IceCv    | Entered an ice cave
 22548 | IceCv    | Reached skill level 15 in Fighting
 22653 | IceCv    | Noticed a frost giant
 22700 | IceCv    | Killed a frost giant
 23619 | D:12     | Noticed Erolcha
 23633 | D:12     | Killed Erolcha
 23658 | D:12     | Reached XP level 16. HP: 136/136 MP: 16/16
 24330 | D:13     | Noticed Urug
 24350 | D:13     | Killed Urug
 24362 | D:13     | Reached skill level 10 in Armour
 24434 | D:13     | Found a gate to the Vaults.
 24462 | D:13     | Reached skill level 16 in Fighting
 24792 | D:13     | Found a runed translucent door.
 24792 | D:13     | Noticed bmj180's ghost (journeyman DrCj)
 25516 | Orc:2    | Bought a +5 ring of slaying for 1591 gold pieces
 25912 | D:14     | Found a huge runed gate.
 25912 | D:14     | Found a huge runed gate.
 25912 | D:14     | Found a huge runed gate.
 25912 | D:14     | Found a huge runed gate.
 25912 | D:14     | Found a huge runed gate.
 25912 | D:14     | Found a huge runed gate.
 25919 | D:14     | Found a huge runed gate.
 25919 | D:14     | Found a huge runed gate.
 25919 | D:14     | Found a huge runed gate.
 25919 | D:14     | Found a huge runed gate.
 25920 | D:14     | Found a huge runed gate.
 25928 | D:14     | Found a huge runed gate.
 25928 | D:14     | Found a huge runed gate.
 25930 | D:14     | Found a huge runed gate.
 25931 | D:14     | Found a huge runed gate.
 25932 | D:14     | Found a huge runed gate.
 25936 | D:14     | Found a huge runed gate.
 25937 | D:14     | Found a huge runed gate.
 26229 | D:14     | Noticed Josephine
 26236 | D:14     | Killed Josephine
 26281 | D:14     | Found a huge runed gate.
 26281 | D:14     | Found a huge runed gate.
 26282 | D:14     | Found a huge runed gate.
 26283 | D:14     | Found a huge runed gate.
 26285 | D:14     | Found a huge runed gate.
 26286 | D:14     | Found a huge runed gate.
 26287 | D:14     | Found a huge runed gate.
 26509 | D:14     | Noticed a tengu reaver
 26509 | D:14     | Noticed a tengu reaver
 26509 | D:14     | Noticed a tengu reaver
 26509 | D:14     | Noticed a sphinx
 26509 | D:14     | Noticed a frost giant
 26510 | D:14     | Identified the +5 broad axe of Doubt {vorpal, Str+4 Int+3
                  | Dex+4}
 26510 | D:14     | Noticed a tengu reaver
 26537 | D:14     | Killed a tengu reaver
 26537 | D:14     | Reached skill level 17 in Fighting
 26560 | D:14     | Noticed a storm dragon
 26560 | D:14     | a dire elephant changed into a storm dragon
 26563 | D:14     | a storm dragon changed into a ghost moth
 26585 | D:14     | You fall into a shaft and drop 1 floor!
 27212 | D:15     | Found a staircase to the Depths.
 27212 | D:15     | Noticed a fire giant
 27312 | D:15     | Gained mutation: Your magical capacity is low. (-10% MP) [a
                  | shining eye]
 27314 | D:15     | Gained mutation: You are frail. (-10% HP) [a shining eye]
 27331 | D:15     | Noticed a frost giant
 27383 | D:15     | Killed a frost giant
 27388 | D:15     | Reached skill level 18 in Fighting
 27419 | D:15     | Reached XP level 17. HP: 21/135 MP: 9/15
 28007 | D:14     | Killed a tengu reaver
 28037 | D:14     | Killed a sphinx
 28045 | D:14     | Killed a tengu reaver
 28059 | D:14     | You fall into a shaft and drop 1 floor!
 28505 | D:14     | Reached skill level 19 in Fighting
 28983 | Swamp:1  | Entered Level 1 of the Swamp
 29202 | Swamp:1  | Noticed a thorn hunter
 29216 | Swamp:1  | Killed a thorn hunter
 29417 | Swamp:1  | Found a transporter.
 29454 | Swamp:1  | Found a transporter.
 29571 | Swamp:1  | Found a transporter.
 29594 | Swamp:1  | Found a transporter.
 29649 | Swamp:1  | Found a transporter.
 30249 | Swamp:2  | Gained mutation: Your casting is disrupted. [Ru sacrifice]
 30448 | Swamp:2  | Noticed a thorn hunter
 30463 | Swamp:2  | Killed a thorn hunter
 30466 | Swamp:2  | Reached skill level 20 in Fighting
 31178 | Swamp:3  | Noticed Roxanne
 31208 | Swamp:3  | Found a white marble altar of Elyvilon.
 31529 | Swamp:3  | Reached XP level 18. HP: 139/145 MP: 16/16
 32079 | Swamp:3  | Got a warped scythe
 32083 | Swamp:3  | Identified the +8 scythe of the Two Names {drain, Dex+3}
                  | (You found it on level 3 of the Swamp)
 32422 | Swamp:4  | Entered Level 4 of the Swamp
 32644 | Swamp:4  | Noticed Kirke
 32661 | Swamp:4  | Killed Kirke
 32796 | Swamp:4  | Reached skill level 10 in Dodging
 32827 | Swamp:4  | Noticed Bai Suzhen
 32862 | Swamp:4  | Killed Bai Suzhen
 34070 | Swamp:4  | Identified the -2 pair of gloves of the Everdark {rElec rF+
                  | Str+4} (You acquired it on level 4 of the Swamp)
 34120 | Swamp:4  | Noticed the 27-headed Lernaean hydra
 34140 | Swamp:4  | Killed the 27-headed Lernaean hydra
 34513 | Swamp:4  | Got a decaying rune of Zot
 34804 | Spider:1 | Entered Level 1 of the Spider Nest
 36114 | Spider:2 | Reached XP level 19. HP: 138/152 MP: 17/17
 36716 | Spider:2 | Reached skill level 15 in Throwing
 36858 | Spider:2 | Noticed Jorgrun
 36942 | Spider:2 | Killed Jorgrun
 36948 | Spider:2 | You fall into a shaft and drop 1 floor!
 37249 | Spider:2 | Noticed Louise
 37347 | Spider:2 | Killed Louise
 37599 | Spider:2 | Gained mutation: Your casting is seriously disrupted. [Ru
                  | sacrifice]
 37599 | Spider:2 | Reached ****** piety under Ru
 37626 | Spider:2 | Identified the cursed +0 scale mail "Daugaugh" {*Slow rElec
                  | MR+} (You found it on level 2 of the Spider Nest)
 39361 | Spider:3 | Reached skill level 10 in Shields
 40240 | Spider:4 | Entered Level 4 of the Spider Nest
 40666 | Spider:4 | Reached XP level 20. HP: 160/160 MP: 0/18
 41414 | Spider:4 | Slain by an emperor scorpion

Levels and vault maps discovered:
D:1:      matt_arrival_spirals, layout_basic, kennysheep_doodads, nrook_uturn
D:2:      layout_basic, first_ration, uniq_jessica, uniq_crazy_yiuf_cottage
D:3:      layout_basic, nicolae_ru_sacrificial_ziggurat, uniq_natasha
D:4:      layout_cave_pools, portal_sewer_entry_e, minivault_25,
          uniq_blork_the_orc, uniq_ijyb
D:5:      layout_basic, minmay_temple_entry_from_below_a, serial_glass,
          glass_columns_b, glass_columns_a, glass_columns_c, glass_columns_a,
          glass_columns_c, glass_columns_c, glass_columns_a, glass_columns_b,
          serial_shops, kennysheep_mini, shop, nicolae_shop_trees,
          lemuel_altar_in_water, uniq_sigmund
D:6:      layout_basic, nicolae_alphabet_shops, uniq_duvessa
D:7:      layout_cave_pods, the_bakery
D:8:      black_bear_nest_2, layout_cave_pools, minmay_misc_feat_secret_circle
D:9:      layout_basic, lair_entry_dummy, serial_shops, shop,
          minmay_crystal_water
D:10:     layout_grid_maze, basic_altar, uniq_joseph, uniq_erica
D:11:     layout_small_grid, david_orc_1_choice, enter_bailey_8
D:12:     layout_roguey, uniq_erolcha
D:13:     layout_basic, erik_vaults_1, hellmonk_ghost_happy_afterlife,
          ebering_dispersal_statue_hall, minmay_holes,
          hangedman_corner_corridor, uniq_urug
D:14:     layout_roguey, portal_ice_cave_entry_pillars_1, serial_park_tiny_pond,
          door_vault, uniq_josephine
D:15:     grunt_enter_depths_giant_problem, layout_rooms, minmay_crystal_room,
          minivault_28
Lair:1:   layout_gridlike, minmay_lair_oklob_chamber, uniq_sonja
Lair:2:   layout_misc_corridors, skrybe_swamp_entry_bodies,
          gammafunk_ghost_arena
Lair:3:   layout_regular_city, gammafunk_ghost_wrathful_warriors
Lair:4:   layout_regular_city, spider_nest_entry_a,
          chequers_serial_rivers_small_a
Lair:5:   layout_cave_shapes, slime_dummy, serial_bayou_shore_b,
          grunt_megastairs_1
Lair:6:   gammafunk_lair_ancient_temple, layout_gridlike, grunt_megastairs_4
Swamp:1:  gammafunk_the_bubble [the_bubble_gammafunk_roulette],
          layout_basic_swamp, hangedman_swamp_ruin_hall
Swamp:2:  layout_basic_swamp, hangedman_swamp_blocks
Swamp:3:  cheibrodos_swamp_mausoleum, layout_basic_swamp,
          nicolae_swamp_godswood, uniq_roxanne
Swamp:4:  swamp_old_school, layout_basic_swamp, uniq_kirke, uniq_bai_suzhen
Spider:1: layout_spider_delve
Spider:2: layout_chambers, zaba_anthell, uniq_louise, uniq_jorgrun
Spider:3: layout_spider_delve, nicolae_spider_shape
Spider:4: spider_rune_water
Orc:1:    layout_caves
Orc:2:    st_orc_congregation, layout_caves

Skill      XL: |  1  2  3  4  5  6  7  8  9 10 11 12 13 14 15 16 17 18 19 20 |
---------------+-------------------------------------------------------------+-----
Fighting       | 4 5 6 8 11 12 15 18 20 | 20.5
Maces & Flails | 3 4 5 7 9 12 14 | 14.0
Dodging        | 1 4 6 8 9 12 | 12.8
Armour         | 6 7 8 9 10 11 12 13 | 13.0
Shields        | 8 9 10 | 10.6
Throwing       | 9 12 14 16 | 16.5

Action                   |  1- 3 |  4- 6 |  7- 9 | 10-12 | 13-15 | 16-18 | 19-21 || total
-------------------------+-------+-------+-------+-------+-------+-------+-------++-------
Melee: Flail             |    71 |       |   109 |   544 |   224 |       |       ||   948
       Mace              |    28 |   197 |   375 |       |       |       |       ||   600
       Dire flail        |       |       |       |       |  1371 |  1883 |   895 ||  4149
Throw: Boomerang         |       |     4 |    12 |    11 |    52 |     9 |    29 ||   117
       Javelin           |       |       |       |       |       |       |    31 ||    31
Invok: Sacrifice Essence |       |       |     1 |       |       |     1 |     1 ||     3
       Sacrifice Love    |       |       |     1 |       |       |       |       ||     1
       Sacrifice Stealth |       |       |       |     1 |       |       |       ||     1
       Draw Out Power    |       |       |       |     1 |       |       |       ||     1
       Sacrifice Arcana  |       |       |       |     1 |       |       |       ||     1
       Sacrifice Artific |       |       |       |     1 |       |       |       ||     1
       Reject Sacrifices |       |       |       |       |     2 |       |       ||     2
       Apocalypse        |       |       |       |       |     1 |     1 |       ||     2
       Power Leap        |       |       |       |       |     1 |       |       ||     1
 Abil: Dig               |     1 |       |     1 |     7 |    25 |     3 |       ||    37
       Shaft Self        |       |       |       |       |       |     2 |       ||     2
Evoke: Wand              |       |       |     1 |     7 |       |       |       ||     8
  Use: Scroll            |     2 |     4 |     7 |    15 |    18 |     6 |     8 ||    60
       Potion            |       |       |     2 |     4 |       |    12 |     3 ||    21
 Stab: Distracted        |       |       |     1 |     2 |     1 |     9 |     1 ||    14
       Petrifying        |       |       |       |       |     1 |       |       ||     1
       Paralysed         |       |       |       |       |     8 |     8 |     2 ||    18
       Invisible         |       |       |       |       |     7 |    10 |     3 ||    20
       Confused          |       |       |       |       |       |       |     1 ||     1
  Eat: Chunk             |       |     8 |    12 |    16 |    32 |    22 |    14 ||   104
       Ration            |       |       |     1 |     1 |     1 |     6 |     1 ||    10
Armor: Scale mail        |    43 |    27 |       |       |       |       |       ||    70
       Chain mail        |       |    18 |       |       |       |       |       ||    18
       Plate armour      |       |    28 |   169 |   118 |       |       |       ||   315
       Skin              |       |       |     2 |       |       |       |       ||     2
       Crystal plate arm |       |       |       |    52 |   562 |   792 |   484 ||  1890
Dodge: Dodged            |    30 |    44 |    84 |   108 |   240 |   440 |   265 ||  1211
Block: Kite shield       |    60 |    90 |   156 |   222 |   502 |   792 |   134 ||  1956
       Tower shield      |       |       |       |       |       |       |   497 ||   497

Table legend:
 A = Non-vault XP
 B = Vault XP
 C = Vault XP percentage of total XP
 D = Non-vault monster count
 E = Vault monster count
 F = Vault count percentage of total count
                 A         B        C        D         E       F
            +---------+---------+-------+---------+---------+-------
      Total |  198256 |  138587 |  41.1 |     864 |     386 |  30.9
            +---------+---------+-------+---------+---------+-------
        D:1 |      53 |       0 |   0.0 |      28 |       0 |   0.0
        D:2 |      96 |      78 |  44.8 |      21 |       2 |   8.7
        D:3 |     206 |      37 |  15.2 |      31 |       1 |   3.1
        D:4 |     227 |     166 |  42.2 |      13 |      10 |  43.5
        D:5 |    1025 |     238 |  18.8 |      31 |       1 |   3.1
        D:6 |     314 |     223 |  41.5 |       7 |       2 |  22.2
        D:7 |    1390 |     201 |  12.6 |      30 |       1 |   3.2
        D:8 |     640 |     128 |  16.7 |      10 |       1 |   9.1
        D:9 |    2412 |       0 |   0.0 |      45 |       0 |   0.0
       D:10 |    2152 |    1368 |  38.9 |      18 |       2 |  10.0
       D:11 |    5897 |     600 |   9.2 |      45 |       9 |  16.7
       D:12 |    7112 |    1042 |  12.8 |      44 |       1 |   2.2
       D:13 |   10955 |    5896 |  35.0 |      46 |      11 |  19.3
       D:14 |    4074 |   18778 |  82.2 |      16 |      21 |  56.8
       D:15 |   11953 |    9495 |  44.3 |      34 |      13 |  27.7
     Lair:1 |    1586 |     403 |  20.3 |       7 |       1 |  12.5
     Lair:2 |    4508 |     257 |   5.4 |      23 |       1 |   4.2
     Lair:3 |    5151 |       0 |   0.0 |      18 |       0 |   0.0
     Lair:4 |    5522 |       0 |   0.0 |      18 |       0 |   0.0
     Lair:5 |    4826 |     199 |   4.0 |      14 |       1 |   6.7
     Lair:6 |    9419 |   10777 |  53.4 |      38 |      33 |  46.5
    Swamp:1 |    8332 |       0 |   0.0 |      14 |       0 |   0.0
    Swamp:2 |   15542 |       0 |   0.0 |      51 |       0 |   0.0
    Swamp:3 |   11169 |   10614 |  48.7 |      22 |      35 |  61.4
    Swamp:4 |   10327 |   29618 |  74.1 |      37 |      30 |  44.8
   Spider:1 |    9170 |       0 |   0.0 |      27 |       0 |   0.0
   Spider:2 |   25408 |   12006 |  32.1 |      63 |      47 |  42.7
   Spider:3 |   25631 |    3494 |  12.0 |      62 |       8 |  11.4
   Spider:4 |    9690 |   11019 |  53.2 |      21 |      28 |  57.1
      Orc:1 |    2272 |       0 |   0.0 |      19 |       0 |   0.0
      Orc:2 |    1197 |   10808 |  90.0 |      11 |      62 |  84.9
      Sewer |       0 |      51 | 100.0 |       0 |      17 | 100.0
     Bailey |       0 |    1506 | 100.0 |       0 |      12 | 100.0
      IceCv |       0 |    9585 | 100.0 |       0 |      36 | 100.0
            +---------+---------+-------+---------+---------+-------
